 Dungeon Crawl Stone Soup version 0.30.1-9-gdf580d7c3d (webtiles) character file.

Game seed: 6605173872488967081

79 monsoonserge the Slasher (level 4, 0/35 HPs)
             Began as a Demonspawn Monk on Oct 2, 2023.
             Slain by Grinder (5 damage)
             ... on level 2 of the Dungeon.
             The game lasted 00:05:13 (1689 turns).

monsoonserge the Slasher (Demonspawn Monk)          Turns: 1689, Time: 00:05:14

Health: 0/35       AC:  3    Str: 12    XL:     4   Next: 17%
Magic:  0/4        EV: 18    Int: 11    God:
Gold:   179        SH:  4    Dex: 17    Spells: 3/3 levels left

rFire   . . .        a - +0 falchion
rCold   . . .        d - orb {light}
rNeg    + . .        q - +1 robe of the Jackalope {-Cast +Inv Slay+2 Stlth+}
rPois   .            (no helmet)
rElec   .            (no cloak)
rCorr   .            (no gloves)
SInv    .            (no boots)
Will    .....        j - amulet of guardian spirit
Stlth   +            e - ring of positive energy
HPRegen 0.25/turn    s - +5 ring of evasion
MPRegen 0.09/turn

%: no spellcasting, guardian spirit
@: glowing
A: powered by death 2, condensation shield
a: Evoke Invisibility


You were on level 2 of the Dungeon.
You visited 1 branch of the dungeon, and saw 3 of its levels.

You collected 179 gold pieces.

Inventory:

Hand Weapons
 a - a +0 falchion (weapon)
Missiles
 o - 2 silver boomerangs (quivered)
Armour
 b - a +0 robe
 d - an orb of light (worn)
 f - a +0 leather armour
 q - the +1 robe of the Jackalope (worn) {-Cast +Inv Slay+2 Stlth+}
   (You found it on level 2 of the Dungeon)

   Slay:      It affects your accuracy & damage with ranged weapons and melee
   (+2).
   +Inv:      It lets you turn invisible.
   -Cast:     It prevents spellcasting.
   Stlth:     It makes you more stealthy.
 r - a +0 chain mail
Jewellery
 e - a ring of positive energy (left hand)
 j - an amulet of guardian spirit (around neck)
 s - a +5 ring of evasion (right hand)
 t - an amulet of regeneration
Scrolls
 i - 7 scrolls of identify {unknown}
 k - a scroll of vulnerability {unknown}
 l - 3 scrolls of silence {unknown}
 m - a scroll of poison {unknown}
 n - a scroll of fog {unknown}
 u - a scroll of brand weapon {unknown}
Potions
 g - a potion of heal wounds {unknown}
 h - a potion of magic {unknown}
 p - a potion of haste {unknown}
 v - a potion of attraction {unknown}


   Skills:
 + Level 3.3 Fighting
 + Level 3.7 Long Blades
 + Level 0.6 Armour
 + Level 3.1 Dodging
 * Level 0.9 Evocations


You had 3 spell levels left.
You didn't know any spells.
Your spell library contained the following spells:

 Spells                   Type           Power      Damage    Failure   Level
 Lesser Beckoning         Tloc           0%         N/A       47%         2
 Gell's Gravitas          Tloc           0%         N/A       71%         3
 Teleport Other           Tloc           0%         N/A       71%         3
 Vhi's Electric Charge    Tloc/Air       0%         N/A       71%         3
 Arcjolt                  Conj/Air       0%         1d10      100%        5
 Fireball                 Conj/Fire      0%         3d3       100%        5
 Iskenderun's Battlesphe  Conj           0%         2d6       100%        5
 Conjure Ball Lightning   Conj/Air       0%         3x3d6     100%        6
 Plasma Beam              Fire/Air       0%         2x1d11    100%        6
 Orb of Destruction       Conj           0%         9d5       100%        7


Dungeon Overview and Level Annotations

Branches:
Dungeon (3/15)

Altars:

Annotations:
D:2 Grinder
D:3 Terence


Innate Abilities, Weirdness & Mutations

You regenerate health from kills.
A meltable shield of frost defends you. (SH +4)


Message History

You resist with significant effort.
Throw: 2 boomerangs (silver)
Press: ? - help, Q - select action, (/) - cycle Shift-Dir - straight line, f/p - Grinder
Aim: Grinder (severely wounded, 60% to hit, chaotic)
You throw a silver boomerang.
The silver boomerang barely misses Grinder.
Unknown command.
Press: ? - help, v - describe, . - travel The floor.
This square is lit by a halo.
Throw: 2 boomerangs (silver)
Press: ? - help, Q - select action, (/) - cycle Shift-Dir - straight line, f/p - Grinder
Aim: Grinder (severely wounded, haloed, 77% to hit, chaotic)
You throw a silver boomerang.
The silver boomerang barely misses Grinder.
Unknown command.
Grinder drinks a potion.
Grinder is healed!
You completely miss Grinder.
Grinder is heavily wounded.
Grinder gestures at you. You resist with significant effort.
You hit Grinder.
Grinder is heavily wounded.
You block Grinder's attack. Grinder gestures at you.
You resist with significant effort.
You hit Grinder but do no damage.
Grinder is heavily wounded.
Grinder hits you.
You writhe in agony.
You barely miss Grinder.
Grinder is heavily wounded.
Grinder says, "What is the universe for?"
Grinder hits you!
* * * LOW HITPOINT WARNING * * *
You writhe in agony.
* * * LOW HITPOINT WARNING * * *
You barely miss Grinder.
Grinder is heavily wounded.
Grinder hits you.
You die...

#...............#
##.##.#######.##.#
#..#...# #...#.#
#....♣.## ##.♣...#
#..#....# #....###
##.##...###...##
#.##....#....#
#.###...5...## #.#
#.>.♣@>.#
#.###.......##
#.##....#....#
####
##.##...###.).##
#... #..#....#
#[...### #...
#..'.♣.##
##.♣...#######...
#..#...#
#...#...........
##.##.##
##.##...........
#......#
#..............


You could see Grinder.

Vanquished Creatures
  2 adders (D:2)
  A worm (D:2)
  3 dart slugs
  2 orcs (D:3)
  2 bats (D:2)
  3 endoplasms
  3 giant cockroaches
  5 goblins (D:1)
  12 hobgoblins
  4 ball pythons
  A frilled lizard (D:2)
  7 kobolds
  3 rats
48 creatures vanquished.

Notes
Turn   | Place    | Note
-------+----------+-------------------------------------------
     0 | D:1      | monsoonserge the Demonspawn Monk began the quest for the
                  | Orb.
     0 | D:1      | Reached XP level 1. HP: 18/18 MP: 1/1
   262 | D:1      | Gained mutation: You regenerate a little health from kills.
                  | [demonic ancestry]
   262 | D:1      | Reached XP level 2. HP: 19/24 MP: 2/2
   587 | D:1      | Found a faded altar of an unknown god.
   987 | D:2      | Gained mutation: A meltable shield of frost defends you.
                  | (SH +4) [demonic ancestry]
   987 | D:2      | Reached XP level 3. HP: 29/29 MP: 3/3
  1377 | D:2      | Identified the +1 robe of the Jackalope {-Cast +Inv Slay+2
                  | Stlth+}
  1562 | D:3      | Gained mutation: You regenerate health from kills. [demonic
                  | ancestry]
  1562 | D:3      | Reached XP level 4. HP: 35/35 MP: 4/4
  1644 | D:3      | Noticed Grinder
  1646 | D:3      | Noticed Terence
  1660 | D:2      | Paralysed by Grinder for 3 turns
  1689 | D:2      | Slain by Grinder

Illustrated notes

Levels and vault maps discovered:
D:1:      dpeg_arrival_morbid_curiosity, layout_loops_corners,
          shapermc_ecumenical_altar_acropolis
D:2:      layout_rooms, grunt_ministairs_13, hangedman_decor_peaks_small,
          minmay_misc_feat_secret_circle
D:3:      layout_loops_ring, dreamdust_mushroom_princess,
          hangedman_decor_points, uniq_crazy_yiuf_cottage, uniq_terence,
          uniq_grinder

Skill      XL: |  1  2 |
---------------+-------+-----
Long Blades    | 3 |  3.7
Dodging        | 3 |  3.1
Fighting       | |  3.3
Armour         | |  0.6
Evocations     | |  0.9

Action                     |  1- 3 |  4- 6 || total
---------------------------+-------+-------++-------
  Melee: Falchion          |   116 |    26 ||   142
  Throw: Boomerang         |       |     5 ||     5
    Use: Potion            |       |     1 ||     1
 Armour: Robe              |     8 |     5 ||    13
         Leather armour    |    11 |       ||    11
  Dodge: Dodged            |    83 |    16 ||    99
  Block: Orb               |     7 |     4 ||    11
